 Dungeon Crawl Stone Soup version 0.26.0-7-g794d0892b4 (webtiles) character file.

Game seed: 12817656308721627613

482 Acheron the Chopper (level 7, -6/44 HPs)
             Began as a Gargoyle Monk on Jan 11, 2021.
             Killed from afar by Psyche (12 damage)
             ... with an iceblast
             ... on level 8 of the Dungeon.
             The game lasted 00:09:54 (2661 turns).

Acheron the Chopper (Gargoyle Monk)                 Turns: 2661, Time: 00:09:55

Health: -6/44      AC: 12    Str: 15    XL:     7   Next: 12%
Magic:  7/7        EV: 12    Int: 10    God:
Gold:   180        SH:  0    Dex: 14    Spells: 6/6 levels left

rFire    . . .     SeeInvis .   h - +0 war axe
rCold    . . .     Faith    .   (no shield)
rNeg     + . .     Spirit   .   j - +0 ring mail
rPois    ∞         Reflect  .   (no helmet)
rElec    +         Harm     .   (no cloak)
rCorr    .         Rampage  .   (no gloves)
Will     .....                  p - +1 pair of boots
Stlth    ++........             (no amulet)
HPRegen  0.14/turn              (no ring)
MPRegen  0.10/turn              (no ring)

@: no status effects
A: negative energy resistance 1, electricity resistance, unbreathing,
petrification resistance, miasma immunity, AC +4
a: no special abilities


You were on level 8 of the Dungeon.
You visited 1 branch of the dungeon, and saw 6 of its levels.

You collected 180 gold pieces.

Inventory:

Hand Weapons
 h - a +0 war axe (weapon)
 l - a +2 whip of venom
Missiles
 m - 31 stones (quivered)
Armour
 j - a +0 ring mail (worn)
 p - a +1 pair of boots (worn)
Jewellery
 b - an uncursed ring of magical power {unknown}
 n - an uncursed ring of see invisible {unknown}
Wands
 s - a wand of polymorph (7)
 u - a wand of enslavement (8)
Scrolls
 c - 4 scrolls of remove curse {unknown}
 f - 3 scrolls of teleportation
 g - 4 scrolls of identify {unknown}
 k - a scroll of fog {unknown}
 o - a scroll of amnesia {unknown}
 t - a scroll of magic mapping {unknown}
Potions
 a - a potion of heal wounds {unknown}
 e - a potion of haste {unknown}
 r - a potion of lignification {unknown}


   Skills:
 * Level 4.7 Fighting
 * Level 5.1 Axes
 * Level 2.2 Armour
 * Level 3.3 Dodging
 * Level 3.7 Stealth


You had 6 spell levels left.
You didn't know any spells.
Your spell library was empty.

Dungeon Overview and Level Annotations

Branches:
Dungeon (8/15)
 Temple: D:4-7         Lair: D:8-11

Altars:
Fedhas
Trog
Wu Jian

Annotations:
D:8 Prince Ribbit, Psyche


Innate Abilities, Weirdness & Mutations

You are resistant to torment.
Your stone body is resilient. (AC +4)
You are immune to poison.
You resist negative energy. (rN+)
You are resistant to electric shocks. (rElec)
You can survive without breathing.
You are immune to petrification.
You are immune to miasma.


Message History

Orders for allies: a - Attack new target. r - Retreat! s - Stop attacking. g - Guard the area. f - Follow me.
Anything else - Cancel.
Retreat in which direction?
Press: ? - help, Dir - move target Fall back!
A water moccasin comes into view.
A lemure comes into view.
As you read the scroll of teleportation, it crumbles to dust.
You feel strangely unstable.
The water moccasin hisses angrily.
The water moccasin bites you but does no damage.
The water moccasin bites you.
* * * LOW HITPOINT WARNING * * *
Your surroundings suddenly seem different.
Psyche the Insane Magess comes into view.
She is wielding a +0 dagger of chaos, wearing a +2 robe of willpower and carrying a wand of iceblast (8).
Psyche shouts!
Psyche zaps a wand.
The mass of ice explodes!
The iceblast engulfs you!
You die...

#... #.. ...
#.. ## #.# ..
#.#
#.###.#.###.#
....F..@....#
#...@...#####
......### .
..#### . ...#
#!.. #...
##...


You could see Psyche and Prince Ribbit (wandering).

Vanquished Creatures
  2 centaurs (D:8)
  2 hounds
  Terence (D:3)
  A worker ant (D:4)
  2 gnolls (D:2)
  3 adders
  A shadow imp (D:8)
  An ufetubus (D:4)
  An ooze (D:4)
  2 adder skeletons (D:4)
  A worm (D:3)
  2 dart slugs (D:2)
  2 leopard geckos
  3 orcs (D:3)
  3 giant cockroaches (D:3)
  7 goblins
  7 hobgoblins
  2 jackals (D:7)
  4 kobolds
  4 quokkas
  A ball python (D:2)
  3 bats
  4 frilled lizards
  A leopard gecko skeleton (D:4)
  5 rats
65 creatures vanquished.

Vanquished Creatures (collateral kills)
  A phantom (D:8)
1 creature vanquished.

Grand Total: 66 creatures vanquished

Notes
Turn   | Place    | Note
-------+----------+-------------------------------------------
     0 | D:1      | Acheron the Gargoyle Monk began the quest for the Orb.
     0 | D:1      | Reached XP level 1. HP: 14/14 MP: 1/1
    51 | D:1      | Reached XP level 2. HP: 19/19 MP: 2/2
   803 | D:2      | Reached XP level 3. HP: 24/24 MP: 3/3
   886 | D:2      | Reached skill level 3 in Axes
  1056 | D:2      | Reached skill level 1 in Armour
  1099 | D:2      | Found a bloodstained altar of Trog.
  1128 | D:3      | Reached XP level 4. HP: 29/29 MP: 4/4
  1168 | D:4      | Noticed a phantom
  1264 | D:3      | Noticed Terence
  1284 | D:3      | Killed Terence
  1754 | D:3      | Found an ornate altar of the Wu Jian Council.
  1813 | D:3      | Reached XP level 5. HP: 33/33 MP: 5/5
  1830 | D:4      | Noticed an ogre
  1847 | D:3      | Reached skill level 4 in Axes
  2143 | D:4      | Noticed a centaur
  2144 | D:4      | Found a blossoming altar of Fedhas.
  2188 | D:4      | Reached XP level 6. HP: 31/38 MP: 6/6
  2219 | D:4      | You fall into a shaft and drop 3 floors!
  2397 | D:8      | Noticed Prince Ribbit
  2601 | D:8      | Noticed a phantom
  2650 | D:8      | Killed a phantom
  2651 | D:8      | Reached skill level 5 in Axes
  2651 | D:8      | Reached XP level 7. HP: 5/44 MP: 7/7
  2661 | D:8      | Noticed Psyche
  2661 | D:8      | Killed from afar by Psyche

Illustrated notes

Levels and vault maps discovered:
D:1:      psy_arrival_terrarium, layout_basic, serial_rivers,
          chequers_serial_rivers_large_a, chequers_serial_rivers_large_b,
          chequers_serial_rivers_small_b, chequers_serial_rivers_small_3,
          chequers_serial_rivers_room_a, chequers_serial_rivers_marsh
D:2:      layout_rooms, lightli_temple_of_fire, serial_bayou_crossing
D:3:      layout_rooms, lemuel_coloured_pillars_altar,
          hangedman_decor_clover_reticule, uniq_terence
D:4:      cheibrodos_quashed, layout_gridville, fedhas_bush_and_centaur_altar,
          serial_glass, glass_columns_a, glass_columns_b, glass_columns_c,
          glass_columns_b, glass_columns_c, glass_columns_a, glass_columns_c,
          glass_columns_a, glass_columns_a, glass_columns_b, glass_columns_a,
          glass_columns_b, glass_columns_b, glass_columns_a
D:7:      layout_basic, nicolae_ru_sacrificial_ziggurat,
          minmay_temple_entry_antechambers, trog_ov_bears_minmay, uniq_joseph
D:8:      kennysheep_spiral_hall, layout_loops_ring, david_lair_shrubbed,
          uniq_psyche, uniq_maggie, uniq_pikel, uniq_prince_ribbit1

Skill      XL: |  1  2  3  4  5  6 |
---------------+-------------------+-----
Axes           | 3 4 5 |  5.1
Armour         | 1 2 |  2.2
Fighting       | 4 |  4.7
Stealth        | 3 |  3.7
Dodging        | 3 |  3.3

Action                   |  1- 3 |  4- 6 |  7- 9 || total
-------------------------+-------+-------+-------++-------
Melee: Hand axe          |    43 |       |       ||    43
       War axe           |    57 |   195 |       ||   252
Throw: Stone             |       |     1 |       ||     1
Evoke: Wand              |       |     1 |       ||     1
  Use: Scroll            |       |     3 |     1 ||     4
       Potion            |       |     1 |       ||     1
 Stab: Sleeping          |     4 |     2 |       ||     6
Armor: Robe              |    10 |       |       ||    10
       Ring mail         |    24 |   111 |     1 ||   136
Dodge: Dodged            |    74 |   162 |       ||   236
